Map: [ESL] Babylon

Players

DRG - Winner!

  • Race: Zerg Zerg
  • Spawn Location: 5:00

Harstem

  • Race: Protoss Protoss
  • Spawn Location: 11:00

Event: ESL SC2 Masters 2023 Summer (Finals)

VOD

Have the link to the VOD?

Description

Time

  • Played on: June 16, 2023, 7:42 a.m.
  • Length: 10:53

All games in this series

Show
View Real Time Build Order
Export as new Build Order

DRG Zerg - Winner!

Build Orders: Hatch First 

Get SALT Encoding   

  12  0:00  Drone  
  13  0:12  Overlord  
  13  0:17  Drone  
  14  0:30  Drone x2  
  14  0:33  Drone  
  17  0:52  Hatchery  
  17  0:54  Drone  
  17  0:57  Drone  
  18  1:06  Drone  
  18  1:09  Extractor  
  18  1:17  Spawning Pool  
  17  1:20  Drone  
  18  1:27  Drone  
  19  1:38  Drone  
  20  1:49  Drone  
  21  1:59  Overlord  
  21  2:03  Queen x2  
  21  2:06  Zergling x2  
  26  2:10  Zergling x2  
  26  2:14  Metabolic Boost  
  26  2:15  Zergling x2  
  28  2:21  Drone  
  29  2:26  Drone  
  30  2:32  Drone  
  32  2:37  Drone  
  32  2:46  Hatchery  
  32  2:47  Queen  
  33  2:52  Overlord  
  33  2:54  Drone  
  35  2:58  Drone  
  35  3:01  Overlord  
  35  3:13  Drone x5  
  35  3:18  Queen  
  42  3:21  Drone  
  42  3:23  Drone  
  44  3:28  Queen  
  44  3:33  Overlord  
  46  3:36  Drone  
  46  3:39  Drone  
  48  3:46  Drone x3  
  50  3:51  Drone x2  
  51  3:56  Queen  
  53  4:03  Queen  
  53  4:06  Spore Crawler  
  54  4:11  Drone  
  54  4:12  Drone x6  
  54  4:15  Overlord  
  61  4:21  Zergling x4  
  61  4:22  Overlord  
  64  4:24  Drone x2  
  64  4:31  Overlord  
  65  4:34  Drone x2  
  65  4:36  Drone  
  65  4:37  Drone x2  
  70  4:44  Drone  
  66  4:46  Drone x2  
  66  4:48  Lair  
  66  4:51  Drone  
  68  4:53  Drone x2, Roach Warren  
  68  4:57  Drone x3  
  68  4:58  Drone  
  68  4:59  Drone  
  74  5:01  Drone  
  74  5:04  Drone  
  74  5:05  Drone  
  74  5:06  Drone  
  78  5:08  Extractor, Drone x2  
  78  5:09  Extractor, Drone  
  79  5:15  Drone  
  79  5:18  Extractor x2  
  79  5:19  Extractor, Drone x2  
  79  5:20  Evolution Chamber  
  78  5:27  Drone x2  
  79  5:30  Drone x3  
  82  5:36  Drone x3  
  82  5:39  Overlord  
  82  5:40  Zergling x8  
  82  5:41  Overlord  
  89  5:44  Hatchery, Spore Crawler  
  89  5:46  Overlord  
  89  5:48  Zerg Missile Weapons Level 1  
  89  5:49  Glial Reconstitution  
  87  5:52  Overlord  
  86  5:57  Zergling x4  
  86  5:58  Zergling x4  
  86  5:59  Zergling x2  
  86  6:03  Overseer  
  91  6:05  Roach x3  
  91  6:08  Roach x2  
  101  6:15  Roach  
  101  6:16  Roach x3  
  108  6:21  Roach x3  
  112  6:30  Roach, Overlord  
  112  6:31  Overlord  
  112  6:32  Overlord x2  
  113  6:37  Overlord  
  113  6:38  Roach  
  113  6:39  Overlord  
  113  6:42  Overlord x2  
  113  6:47  Overlord  
  113  6:51  Roach x4  
  121  6:56  Roach x2  
  121  6:57  Roach x2  
  121  6:59  Roach  
  121  7:00  Roach  
  133  7:05  Overlord  
  133  7:08  Roach  
  133  7:09  Roach x2  
  133  7:11  Roach x2  
  145  7:15  Roach  
  145  7:18  Roach x3  
  145  7:21  Roach x2  
  155  7:26  Roach x3  
  155  7:27  Ravager x4  
  155  7:29  Ravager x4  
  168  7:32  Roach  
  168  7:35  Roach x2  
  173  7:43  Roach  
  173  7:44  Roach x4  
  183  7:57  Roach x3  
  180  8:02  Ravager x6  
  179  8:09  Roach  
  179  8:10  Roach x3  
  159  8:21  Roach x5  
  159  8:22  Roach x2  
  154  8:28  Roach x7  
  164  8:36  Roach x5  
  163  8:45  Ravager x2  
  163  8:46  Zergling x18  
  174  8:50  Roach x3  
  180  8:56  Roach x2  
  180  8:57  Overlord  
  176  9:03  Overlord  
  176  9:04  Roach x3  
  182  9:15  Roach  
  182  9:16  Roach x3  
  185  9:24  Roach x5  
  187  9:38  Zergling x16  
  186  9:43  Roach  
  186  9:44  Roach x5  
  166  9:53  Roach x2  
  166  9:54  Roach x4  
  166  9:56  Ravager x3  
  166  9:57  Ravager  
  176  10:05  Roach x5  
  180  10:07  Zergling x2  
  180  10:08  Zergling x4  
  180  10:21  Roach x8  
  191  10:47  Ravager x3  
Show
View Real Time Build Order
Export as new Build Order

Harstem Protoss 

Build Orders: 1 Gate Expand, Oracle Opening 

Get SALT Encoding   

  12  0:00  Probe  
  13  0:12  Probe  
  14  0:17  Pylon  
  14  0:24  Probe (Chrono Boost)  
  15  0:36  Probe (Chrono Boost)  
  15  0:39  Gateway  
  16  0:45  Probe (Chrono Boost)  
  17  0:50  Assimilator  
  17  0:51  Probe  
  18  1:03  Probe  
  19  1:15  Probe  
  20  1:25  Nexus  
  20  1:35  Cybernetics Core  
  20  1:41  Probe  
  20  1:46  Assimilator  
  21  1:53  Probe  
  22  1:54  Pylon  
  22  2:05  Probe  
  23  2:09  Adept (Chrono Boost)  
  23  2:11  Warp Gate  
  25  2:17  Probe  
  26  2:29  Probe  
  27  2:32  Adept  
  29  2:38  Stargate  
  29  2:41  Probe x2  
  31  2:53  Probe  
  31  2:55  Probe  
  33  3:03  Nexus  
  34  3:05  Probe  
  34  3:07  Probe  
  34  3:12  Assimilator  
  36  3:20  Gateway  
  36  3:21  Oracle (Chrono Boost)  
  38  3:27  Probe  
  38  3:28  Probe  
  38  3:33  Pylon  
  40  3:39  Probe  
  40  3:41  Probe  
  42  3:46  Shield Battery  
  42  3:48  Oracle (Chrono Boost)  
  42  3:52  Probe  
  42  3:54  Probe  
  47  3:59  Adept  
  49  4:04  Probe  
  49  4:06  Probe  
  49  4:07  Twilight Council  
  51  4:16  Probe  
  51  4:17  Gateway  
  52  4:18  Probe, Gateway  
  52  4:20  Probe  
  54  4:27  Stalker  
  54  4:28  Stalker  
  54  4:30  Probe  
  60  4:31  Probe  
  60  4:34  Probe  
  60  4:36  Pylon  
  61  4:40  Blink (Chrono Boost)  
  61  4:43  Probe  
  62  4:46  Probe  
  62  4:51  Probe, Pylon  
  64  4:55  Probe  
  64  4:57  Stalker  
  64  4:58  Stalker  
  64  4:59  Probe  
  70  5:01  Pylon  
  70  5:03  Probe  
  71  5:08  Probe  
  71  5:11  Probe  
  73  5:15  Probe  
  73  5:16  Pylon, Stalker x2  
  73  5:20  Probe  
  79  5:23  Probe  
  79  5:28  Probe  
  81  5:29  Stalker  
  81  5:30  Stalker  
  81  5:32  Probe  
  81  5:35  Probe  
  87  5:37  Shield Battery  
  87  5:40  Probe, Stalker x2  
  92  5:44  Probe, Assimilator  
  92  5:47  Probe, Pylon  
  92  5:49  Assimilator  
  94  5:52  Probe  
  94  5:53  Stalker  
  94  5:54  Stalker  
  94  5:56  Probe  
  100  5:59  Probe, Forge  
  101  6:05  Probe  
  101  6:06  Assimilator  
  101  6:08  Probe  
  103  6:11  Probe  
  103  6:15  Stalker x2  
  103  6:17  Probe  
  109  6:19  Pylon  
  109  6:27  Templar Archives  
  109  6:29  Protoss Ground Weapons Level 1 (Chrono Boost)  
  109  6:36  Probe x3  
  109  6:39  Gateway  
  108  6:40  Gateway  
  108  6:43  Pylon  
  108  6:48  Probe, Charge  
  108  6:53  Stalker x2  
  108  6:54  Stalker  
  115  6:58  Phoenix (Chrono Boost)  
  115  7:01  Nexus, Pylon  
  117  7:03  Pylon  
  117  7:05  Pylon x2  
  117  7:09  Probe  
  117  7:13  Probe  
  117  7:14  Gateway  
  119  7:23  Stalker  
  119  7:26  Robotics Facility  
  119  7:27  Zealot x3  
  123  7:34  Shield Battery  
  123  7:36  Sentry x2  
  127  7:40  Shield Battery  
  127  7:41  Probe  
  127  7:43  Oracle (Chrono Boost)  
  128  7:44  Photon Cannon  
  128  7:48  Stalker x3, Sentry  
  139  7:53  Photon Cannon  
  139  8:03  Stalker  
  139  8:05  Probe  
  138  8:07  Gateway  
  138  8:11  Stalker x3  
  138  8:12  Gateway  
  143  8:13  Gateway  
  136  8:23  Immortal (Chrono Boost)  
  136  8:24  Probe  
  136  8:25  Probe  
  128  8:28  Probe  
  128  8:30  Protoss Ground Weapons Level 2 (Chrono Boost)  
  128  8:34  Gateway  
  128  8:35  Stalker x2  
  128  8:36  Probe  
  128  8:38  Probe  
  128  8:39  Stalker  
  128  8:40  Probe  
  137  8:44  Probe, Oracle (Chrono Boost)  
  137  8:45  Shield Battery  
  141  8:48  Probe  
  141  8:50  Probe, Assimilator  
  141  8:52  Assimilator  
  141  8:54  Shield Battery  
  143  9:00  Immortal  
  143  9:02  Stalker x2  
  151  9:06  Sentry  
  153  9:10  Shield Battery  
  144  9:27  Stalker  
  144  9:28  Stalker x3  
  142  9:39  Immortal  
  142  9:42  Stalker x2  
  134  9:53  Stalker x3  
  134  9:54  Stalker  
  134  9:56  Probe  
  134  9:59  Gateway  
  141  10:03  Gateway  
  141  10:05  Gateway, Shield Battery  
  141  10:06  Oracle (Chrono Boost)  
  141  10:07  Shield Battery  
  141  10:13  Stalker x2  
  146  10:18  Probe  
  146  10:19  Pylon  
  133  10:22  Stalker x2  
  129  10:30  Stalker x2  
  129  10:32  Probe  
  129  10:34  Probe  
  123  10:46  Stalker x4  
  127  10:50  Shield Battery  
Tags
 
Add a new tag
Caveats
  • Supply blocks, unpowered buildings, or Contaminate may cause inaccurate times.
  • Supply counts are checked every 10 seconds.